 Dungeon Crawl Stone Soup version 0.29.1-2-gbd0b4ee654 (webtiles) character file.

Game seed: 17726326755436222547

252 Stormpiercer the Conjurer (level 5, 0/28 HPs)
             Began as a Deep Elf Conjurer on Oct 31, 2022.
             Slain by a bat (1 damage)
             ... on level 3 of the Dungeon.
             The game lasted 00:39:43 (3430 turns).

Stormpiercer the Conjurer (Deep Elf Conjurer)       Turns: 3430, Time: 00:39:45

Health: 0/28       AC:  9    Str:  4    XL:     5   Next: 89%
Magic:  12/13      EV:  9    Int: 25    God:
Gold:   95         SH:  0    Dex: 13    Spells: 9/12 levels left

rFire   + . .      SeeInvis .   n - +2 falchion (flame)
rCold   . . .      Faith    .   (no shield)
rNeg    . . .      Spirit   .   d - +0 ring mail
rPois   .          Reflect  .   (no helmet)
rElec   .          Harm     .   (no cloak)
rCorr   .          Rampage  .   (no gloves)
Will    .....                   (no boots)
Stlth   +.........              (no amulet)
HPRegen 0.09/turn               e - ring of protection from fire
MPRegen 0.13/turn               k - +4 ring of protection

@: no status effects
A: no striking features
a: no special abilities


You were on level 3 of the Dungeon.
You visited 1 branch of the dungeon, and saw 3 of its levels.

You collected 95 gold pieces.

Inventory:

Hand Weapons
 c - a +1 vampiric dagger
 n - a +2 falchion of flaming (weapon)
Missiles
 o - 2 boomerangs (quivered)
Armour
 a - a +0 robe
 d - a +0 ring mail (worn)
Jewellery
 e - a ring of protection from fire (left hand)
 k - a +4 ring of protection (right hand)
Scrolls
 l - 2 scrolls of noise
Potions
 b - a potion of magic
 f - 2 potions of attraction
 g - 2 potions of flight
 j - a potion of might {unknown}
 m - 3 potions of curing


   Skills:
 + Level 0.9 Fighting
 + Level 2.1 Short Blades
 + Level 2.0 Armour
 + Level 3.4 Dodging
 + Level 2.5 Stealth
 + Level 4.1 Spellcasting
 + Level 5.5 Conjurations


You had 9 spell levels left.
You knew the following spells:

 Your Spells              Type           Power      Damage    Failure   Level
a - Magic Dart            Conj           100%       1d8       5%          1
b - Searing Ray           Conj           64%        2d6       8%          2

Your spell library contained the following spells:

 Spells                   Type           Power      Damage    Failure   Level
 Dazzling Flash           Conj/Hex       36%        N/A       43%         3
 Stone Arrow              Conj/Erth      36%        3d9       43%         3
 Beastly Appendage        Tmut           10%        N/A       45%         1
 Gell's Gravitas          Tloc           5%         N/A       83%         3
 Lesser Beckoning         Tloc           5%         N/A       83%         3
 Spider Form              Tmut/Pois      5%         N/A       83%         3
 Teleport Other           Tloc           5%         N/A       83%         3
 Fulminant Prism          Conj/Hex       9%         3d7       85%         4
 Iskenderun's Mystic Bla  Conj/Tloc      18%        2d6       85%         4
 Animate Armour           Summ/Erth      10%        N/A       99%         4
 Irradiate                Conj/Tmut      9%         3d14      99%         5
 Starburst                Conj/Fire      9%         6d5       100%        6
 Lehudib's Crystal Spear  Conj/Erth      9%         10d4      100%        8


Dungeon Overview and Level Annotations

Branches:
Dungeon (3/15)

Altars:
Dithmenos


Message History

The ice beast is heavily wounded.
The bat completely misses you.
The ice beast hits you but does no damage.
You closely miss the ice beast.
The ice beast is heavily wounded.
The bat hits you but does no damage.
The ice beast hits you but does no damage.
You hit the ice beast.
You melt the ice beast.
The ice beast is heavily wounded.
The bat hits you but does no damage. The ice beast barely misses you.
The ice beast hits you but does no damage.
You completely miss the ice beast.
The ice beast is heavily wounded.
The bat hits you but does no damage.
The ice beast hits you but does no damage.
You barely miss the ice beast.
The ice beast is heavily wounded.
The bat hits you but does no damage. x2; The ice beast barely misses you.
You hit the ice beast.
You melt the ice beast.
The ice beast is severely wounded.
The bat hits you but does no damage. The ice beast hits you.
The ice beast freezes you. The bat hits you but does no damage.
You barely miss the ice beast.
The ice beast is severely wounded.
The bat hits you. The bat barely misses you. The ice beast hits you.
The ice beast freezes you! The ice beast hits you. The ice beast freezes you!
* * * LOW HITPOINT WARNING * * *
The ice beast attacks as you move away!
The ice beast hits you but does no damage.
The bat hits you but does no damage.
There is a stone staircase leading down here.
Casting: Magic Dart (safe; 5% risk of failure)
Confirm with . or Enter, or press ? or * to list all spells.
Aiming: Magic Dart (safe; 5% risk of failure)
Press: ? - help, Shift-Dir - straight line, f - ice beast
Aim: an ice beast (severely wounded, 100% to hit)
The magic dart hits the ice beast but does no damage.
The ice beast is severely wounded.
The bat hits you.
You die...

........#####.##........#
.#.#....# #.##........#
#§§.#...# #..'........#
.#.#.###########........#
§._.§§. .......#'########
§#§#§##................#
#§§§#..................#
.#.#...........?b......#
...............Y@......#
........###............#
†................#+#+###
#...#..........#.#
....#........#.#+# ....#
.......#. ....# ....#+##.
..... ... ....$.


You could see an ice beast and a bat.

Vanquished Creatures
  Sigmund (D:3)
  4 adders
  A dart slug (D:2)
  5 orcs
  6 endoplasms
  2 giant cockroaches
  5 goblins
  2 hobgoblins
  4 jackals (D:1)
  5 kobolds
  A quokka (D:2)
  2 ball pythons
  5 bats
  5 frilled lizards (D:2)
48 creatures vanquished.

Vanquished Creatures (others)
  9 plants
9 creatures vanquished.

Grand Total: 57 creatures vanquished

Notes
Turn   | Place    | Note
-------+----------+-------------------------------------------
     0 | D:1      | Stormpiercer the Deep Elf Conjurer began the quest for the
                  | Orb.
     0 | D:1      | Reached XP level 1. HP: 10/10 MP: 6/6
   932 | D:2      | Reached XP level 2. HP: 7/15 MP: 1/8
  1303 | D:2      | Reached skill level 5 in Conjurations
  1303 | D:2      | Reached XP level 3. HP: 19/19 MP: 4/9
  1633 | D:1      | Got the Encyclopedia of Red-Hot Shapes
  2271 | D:1      | Found a faded altar of an unknown god.
  2479 | D:2      | Reached skill level 1 in Armour
  2589 | D:3      | Noticed Sigmund
  2610 | D:2      | Reached skill level 1 in Short Blades
  2805 | D:2      | Reached XP level 4. HP: 9/24 MP: 8/11
  3247 | D:3      | Killed Sigmund
  3248 | D:3      | Reached XP level 5. HP: 19/28 MP: 4/13
  3261 | D:3      | Learned a level 2 spell: Searing Ray
  3377 | D:3      | Found a shadowy altar of Dithmenos.
  3417 | D:3      | Noticed an ice beast
  3428 | D:3      | HP: 1/28 [ice beast (8)]
  3430 | D:3      | Slain by a bat

Illustrated notes

Levels and vault maps discovered:
D:1:      amcnicky_arrival_gap_in_the_tavern_cellar, layout_loops_cross,
          shapermc_ecumenical_altar_mp_vishouse
D:2:      layout_loops_ring, minmay_lizard_king
D:3:      layout_basic, grunt_dithmenos_smoke_and_mirrors, st_stairs_12,
          nicolae_grassy_gnolls, uniq_sigmund

Skill      XL: |  1  2  3  4 |
---------------+-------------+-----
Conjurations   | 5 |  5.5
Dodging        | 3 |  3.4
Armour         | 1 2 |  2.0
Short Blades   | 1 2 |  2.1
Spellcasting   | 4 |  4.1
Fighting       | |  0.9
Stealth        | |  2.5

Action                   |  1- 3 |  4- 6 || total
-------------------------+-------+-------++-------
Melee: Dagger            |   176 |     2 ||   178
       Unarmed           |     9 |       ||     9
       Falchion          |       |    21 ||    21
 Cast: Magic Dart        |    27 |    22 ||    49
  Use: Scroll            |     4 |     2 ||     6
       Potion            |     5 |     1 ||     6
Armor: Ring mail         |   104 |    37 ||   141
       Robe              |     8 |       ||     8
       Skin              |     3 |       ||     3
Dodge: Dodged            |   101 |    29 ||   130
